[ AOE2 MATCH · #505896851 ]
UnrankedJapanese vs Saracens
Player's team · WIN
Rival team · LOSS
[ REPLAY ANALYSIS · EXTRACTED FROM THE RECORDED GAME ]
Feudal
9:29
Castle
22:06
Imperial
28:10
| APM avg | 74.5 |
| APM peak | 163 |
| eAPM avg | 31.2 |
| Villagers / military | 195 / 209 |
Focus
⚔️ 31.3% · 🌾 68.7%
Skirmisher ×85 · Cavalry Archer ×79 · Samurai ×20 · Trebuchet (Packed) ×19 · Militia ×3 · Monk ×1
Feudal
11:52
Castle
22:11
Imperial
30:25
| APM avg | 57.3 |
| APM peak | 110 |
| eAPM avg | 26.7 |
| Villagers / military | 139 / 172 |
Focus
⚔️ 32.6% · 🌾 67.4%
Scout Cavalry ×119 · Archer ×37 · Bombard Cannon ×10 · Trebuchet (Packed) ×3 · Monk ×1 · Scorpion ×1
Match map
Initial resources + every placement click. Lines = walls · curves = elevation contours. ◆ gold · ⬟ stone · ● berries · ✦ relic · ◌ wall gap
Your base· ✓ Closed at 22:06 · 41t walls · no gate
DS_MD's base· ✓ Closed at 22:11 · 59t walls · 4 gate(s)
Smoothed initial terrain · ◌ = detected wall gap · hover for details
Inputs per minute
— LukeTheHunter - - DS_MD
Build order — LukeTheHunter
First 150 of 640 actions detected
| 0:01 | Create | Villager (Male) |
| 0:01 | Create | Villager (Male) |
| 0:02 | Build | House |
| 0:03 | Build | House |
| 0:08 | Create | Villager (Male) |
| 0:08 | Create | Villager (Male) |
| 0:28 | Research | Loom |
| 0:28 | Create | Villager (Male) |
| 0:29 | Create | Villager (Male) |
| 1:38 | Build | Palisade Wall |
| 1:46 | Create | Villager (Male) |
| 2:25 | Build | Palisade Wall |
| 2:27 | Build | Palisade Wall |
| 2:30 | Build | Palisade Wall |
| 2:31 | Create | Villager (Male) |
| 2:46 | Build | Lumber Camp |
| 2:57 | Create | Villager (Male) |
| 3:23 | Create | Villager (Male) |
| 3:23 | Create | Villager (Male) |
| 3:41 | Create | Villager (Male) |
| 4:08 | Create | Villager (Male) |
| 4:10 | Build | House |
| 4:30 | Create | Villager (Male) |
| 4:43 | Create | Villager (Male) |
| 5:10 | Create | Villager (Male) |
| 5:43 | Create | Villager (Male) |
| 5:57 | Build | Barracks |
| 6:14 | Create | Villager (Male) |
| 6:24 | Create | Villager (Male) |
| 7:05 | Create | Villager (Male) |
| 7:19 | Research | Feudal Age |
| 7:30 | Build | Mining Camp |
| 8:03 | Create | Militia |
| 8:07 | Build | House |
| 8:39 | Create | Militia |
| 8:42 | Build | House |
| 9:15 | Build | Mining Camp |
| 9:18 | Create | Villager (Male) |
| 9:29 | Age | Feudal Age |
| 9:34 | Build | Watch Tower |
| 9:53 | Create | Villager (Male) |
| 9:53 | Create | Villager (Male) |
| 10:15 | Create | Villager (Male) |
| 10:35 | Create | Villager (Male) |
| 10:47 | Create | Villager (Male) |
| 10:50 | Build | Mill |
| 10:57 | Build | Watch Tower |
| 11:03 | Create | Militia |
| 11:15 | Research | Man-at-Arms (upgrade) |
| 11:16 | Research | Man-at-Arms (upgrade) |
| 11:38 | Create | Villager (Male) |
| 11:38 | Create | Villager (Male) |
| 12:05 | Create | Villager (Male) |
| 12:20 | Create | Villager (Male) |
| 12:20 | Create | Villager (Male) |
| 12:27 | Build | Watch Tower |
| 12:30 | Create | Villager (Male) |
| 12:34 | Build | House |
| 13:00 | Build | Lumber Camp |
| 13:10 | Create | Villager (Male) |
| 13:15 | Build | Lumber Camp |
| 13:20 | Create | Villager (Male) |
| 13:35 | Build | Stone Wall |
| 13:59 | Create | Villager (Male) |
| 14:13 | Build | House |
| 14:17 | Build | Blacksmith |
| 14:31 | Build | Stone Wall |
| 14:32 | Build | Stone Wall |
| 14:40 | Build | Stone Wall |
| 14:41 | Create | Villager (Male) |
| 14:57 | Build | Farm |
| 15:00 | Build | Farm |
| 15:01 | Build | Farm |
| 15:01 | Build | Farm |
| 15:01 | Build | Farm |
| 15:11 | Create | Villager (Male) |
| 15:14 | Build | Farm |
| 15:16 | Build | House |
| 15:32 | Create | Villager (Male) |
| 15:48 | Build | House |
| 15:49 | Build | House |
| 15:50 | Build | Farm |
| 15:51 | Build | Farm |
| 16:03 | Build | Stone Wall |
| 16:06 | Build | Farm |
| 16:18 | Create | Villager (Male) |
| 16:27 | Create | Spearman |
| 16:29 | Build | Farm |
| 16:32 | Create | Villager (Male) |
| 16:33 | Create | Villager (Male) |
| 16:47 | Build | Farm |
| 16:56 | Research | Double-Bit Axe |
| 17:02 | Create | Villager (Male) |
| 17:12 | Build | Farm |
| 17:15 | Build | Farm |
| 17:33 | Create | Villager (Male) |
| 17:42 | Build | Farm |
| 18:17 | Build | Market |
| 18:36 | Create | Villager (Male) |
| 18:52 | Create | Villager (Male) |
| 19:24 | Research | Castle Age |
| 19:42 | Research | Stone Mining |
| 19:54 | Research | Horse Collar |
| 20:50 | Research | Gold Mining |
| 21:00 | Create | Villager (Male) |
| 21:01 | Create | Villager (Male) |
| 21:04 | Build | Lumber Camp |
| 21:07 | Build | Lumber Camp |
| 21:30 | Research | Fletching |
| 21:34 | Create | Villager (Male) |
| 21:35 | Create | Villager (Male) |
| 21:35 | Create | Villager (Male) |
| 21:42 | Build | Mining Camp |
| 22:06 | Age | Castle Age |
| 22:15 | Build | Castle |
| 22:17 | Create | Villager (Male) |
| 22:24 | Research | Bodkin Arrow |
| 22:24 | Research | Bodkin Arrow |
| 22:32 | Build | Castle |
| 22:34 | Create | Villager (Male) |
| 22:46 | Build | Siege Workshop |
| 22:51 | Create | Villager (Male) |
| 22:53 | Create | Villager (Male) |
| 23:04 | Create | Villager (Male) |
| 23:58 | Build | Farm |
| 25:00 | Research | Imperial Age |
| 25:14 | Build | Farm |
| 25:29 | Build | Farm |
| 25:33 | Create | Villager (Male) |
| 25:34 | Create | Villager (Male) |
| 25:42 | Build | Farm |
| 25:56 | Create | Mangonel |
| 26:26 | Build | University |
| 27:03 | Build | Monastery |
| 27:28 | Create | Villager (Male) |
| 27:29 | Create | Villager (Male) |
| 27:34 | Research | Ballistics |
| 27:38 | Research | Guard Tower (upgrade) |
| 27:38 | Research | Guard Tower (upgrade) |
| 28:10 | Age | Imperial Age |
| 28:11 | Create | Trebuchet (Packed) |
| 28:15 | Research | Bow Saw |
| 28:24 | Build | Watch Tower |
| 28:32 | Research | Bracer |
| 28:51 | Build | Mining Camp |
| 28:53 | Build | Farm |
| 28:55 | Build | Farm |
| 29:02 | Create | Trebuchet (Packed) |
| 29:02 | Create | Trebuchet (Packed) |
| 29:04 | Create | Villager (Male) |
Build order — DS_MD
First 150 of 577 actions detected
| 0:00 | Research | Loom |
| 0:01 | Create | Villager (Male) |
| 0:01 | Create | Villager (Male) |
| 0:03 | Build | House |
| 0:04 | Build | House |
| 0:49 | Create | Villager (Male) |
| 0:50 | Create | Villager (Male) |
| 0:50 | Create | Villager (Male) |
| 1:06 | Build | Palisade Wall |
| 2:10 | Create | Villager (Male) |
| 2:10 | Create | Villager (Male) |
| 2:24 | Build | Lumber Camp |
| 2:27 | Build | Palisade Wall |
| 2:48 | Create | Villager (Male) |
| 2:48 | Create | Villager (Male) |
| 3:18 | Create | Villager (Male) |
| 3:19 | Create | Villager (Male) |
| 3:49 | Create | Villager (Male) |
| 4:01 | Build | House |
| 4:11 | Create | Villager (Male) |
| 4:12 | Create | Villager (Male) |
| 4:31 | Create | Villager (Male) |
| 5:07 | Create | Villager (Male) |
| 5:07 | Create | Villager (Male) |
| 5:21 | Create | Villager (Male) |
| 5:43 | Create | Villager (Male) |
| 6:03 | Build | Mill |
| 6:06 | Create | Villager (Male) |
| 6:08 | Create | Villager (Male) |
| 6:30 | Build | House |
| 7:01 | Create | Villager (Male) |
| 7:30 | Create | Villager (Male) |
| 7:56 | Create | Villager (Male) |
| 8:07 | Create | Villager (Male) |
| 8:32 | Create | Villager (Male) |
| 9:00 | Create | Villager (Male) |
| 9:28 | Research | Feudal Age |
| 9:36 | Build | Palisade Wall |
| 9:40 | Build | Palisade Wall |
| 10:11 | Build | Mining Camp |
| 10:14 | Build | Mining Camp |
| 10:32 | Build | Palisade Wall |
| 10:33 | Build | Palisade Wall |
| 10:34 | Build | Palisade Wall |
| 10:41 | Build | Palisade Wall |
| 10:43 | Build | Palisade Wall |
| 10:54 | Build | Palisade Wall |
| 10:55 | Build | Palisade Wall |
| 11:38 | Build | House |
| 11:52 | Age | Feudal Age |
| 11:52 | Create | Villager (Male) |
| 12:01 | Build | Watch Tower |
| 12:06 | Build | Stone Wall |
| 12:08 | Build | Stone Wall |
| 12:23 | Create | Villager (Male) |
| 12:23 | Create | Villager (Male) |
| 12:51 | Build | Market |
| 13:00 | Create | Villager (Male) |
| 13:08 | Create | Villager (Male) |
| 13:13 | Build | House |
| 13:21 | Build | Lumber Camp |
| 13:40 | Create | Villager (Male) |
| 13:45 | Build | Watch Tower |
| 14:08 | Create | Villager (Male) |
| 14:19 | Build | House |
| 14:20 | Build | Palisade Wall |
| 14:22 | Create | Villager (Male) |
| 14:36 | Build | Farm |
| 14:38 | Build | Farm |
| 15:01 | Build | House |
| 15:04 | Build | House |
| 15:11 | Build | Palisade Gate |
| 15:16 | Build | Palisade Wall |
| 15:17 | Build | Palisade Wall |
| 15:18 | Build | Palisade Wall |
| 15:30 | Build | Palisade Gate |
| 15:34 | Build | Palisade Wall |
| 15:38 | Create | Villager (Male) |
| 15:39 | Create | Villager (Male) |
| 15:47 | Build | House |
| 15:58 | Build | Palisade Gate |
| 16:21 | Build | Farm |
| 16:22 | Create | Villager (Male) |
| 16:29 | Build | Palisade Gate |
| 16:41 | Build | Farm |
| 16:55 | Create | Villager (Male) |
| 17:07 | Build | Farm |
| 17:14 | Build | Farm |
| 17:16 | Create | Villager (Male) |
| 17:18 | Build | Farm |
| 17:27 | Build | Farm |
| 17:32 | Build | Farm |
| 17:47 | Create | Villager (Male) |
| 17:52 | Build | Palisade Wall |
| 17:59 | Build | Farm |
| 18:07 | Create | Villager (Male) |
| 18:16 | Build | Palisade Wall |
| 18:19 | Build | Farm |
| 18:31 | Create | Villager (Male) |
| 18:44 | Create | Villager (Male) |
| 18:52 | Build | Blacksmith |
| 18:55 | Create | Villager (Male) |
| 19:31 | Research | Castle Age |
| 19:37 | Build | Palisade Wall |
| 19:38 | Build | Palisade Wall |
| 19:51 | Build | Palisade Wall |
| 19:55 | Build | Palisade Wall |
| 20:07 | Build | House |
| 20:12 | Build | House |
| 20:15 | Build | Mining Camp |
| 20:43 | Build | House |
| 21:24 | Research | Fletching |
| 22:11 | Age | Castle Age |
| 22:16 | Build | Castle |
| 22:24 | Create | Villager (Male) |
| 22:24 | Create | Villager (Male) |
| 22:28 | Build | Monastery |
| 22:38 | Build | Town Center |
| 23:17 | Build | Palisade Gate |
| 23:36 | Create | Villager (Male) |
| 24:01 | Create | Villager (Male) |
| 24:01 | Create | Villager (Male) |
| 24:07 | Build | Monastery |
| 24:11 | Build | Mining Camp |
| 24:12 | Build | Farm |
| 24:13 | Build | Farm |
| 24:15 | Build | Farm |
| 24:17 | Create | Villager (Male) |
| 24:18 | Create | Villager (Male) |
| 24:48 | Build | Siege Workshop |
| 24:57 | Create | Monk |
| 25:04 | Create | Villager (Male) |
| 25:04 | Create | Villager (Male) |
| 25:33 | Create | Villager (Male) |
| 25:33 | Create | Villager (Male) |
| 25:34 | Create | Villager (Male) |
| 25:43 | Build | Farm |
| 26:18 | Create | Villager (Male) |
| 26:18 | Create | Villager (Male) |
| 26:20 | Build | Farm |
| 26:21 | Build | Farm |
| 26:50 | Create | Villager (Male) |
| 27:02 | Build | Farm |
| 27:03 | Build | Farm |
| 27:15 | Research | Imperial Age |
| 27:16 | Research | Imperial Age |
| 27:24 | Build | Farm |
| 27:38 | Research | Double-Bit Axe |
| 27:38 | Research | Double-Bit Axe |
| 27:48 | Build | Farm |
Match timeline
| 1:06 | DS_MD · wall_segment Palisade Wall x8 |
| 1:38 | LukeTheHunter · wall_segment Palisade Wall x7 |
| 2:25 | LukeTheHunter · wall_segment Palisade Wall x1 |
| 2:27 | DS_MD · wall_segment Palisade Wall x1 |
| 2:27 | LukeTheHunter · wall_segment Palisade Wall x1 |
| 2:30 | LukeTheHunter · wall_segment Palisade Wall x1 |
| 5:57 | LukeTheHunter · first_building Barracks |
| 9:29 | LukeTheHunter · age_up feudal |
| 9:36 | DS_MD · wall_segment Palisade Wall x8 |
| 9:40 | DS_MD · wall_segment Palisade Wall x7 |
| 10:32 | DS_MD · wall_segment Palisade Wall x1 |
| 10:33 | DS_MD · wall_segment Palisade Wall x1 |
| 10:34 | DS_MD · wall_segment Palisade Wall x1 |
| 10:41 | DS_MD · wall_segment Palisade Wall x4 |
| 10:43 | DS_MD · wall_segment Palisade Wall x2 |
| 10:54 | DS_MD · wall_segment Palisade Wall x1 |
| 10:55 | DS_MD · wall_segment Palisade Wall x1 |
| 11:52 | DS_MD · age_up feudal |
| 12:06 | DS_MD · wall_segment Stone Wall x1 |
| 12:08 | DS_MD · wall_segment Stone Wall x1 |
| 13:18 | DS_MD · first_market_sell 100 food |
| 13:18 | DS_MD · first_market_buy 100 wood |
| 13:35 | LukeTheHunter · wall_segment Stone Wall x6 |
| 14:20 | DS_MD · wall_segment Palisade Wall x7 |
| 14:31 | LukeTheHunter · wall_segment Stone Wall x1 |
| 14:32 | LukeTheHunter · wall_segment Stone Wall x1 |
| 14:40 | LukeTheHunter · wall_segment Stone Wall x8 |
| 15:16 | DS_MD · wall_segment Palisade Wall x1 |
| 15:17 | DS_MD · wall_segment Palisade Wall x1 |
| 15:18 | DS_MD · wall_segment Palisade Wall x1 |
| 15:34 | DS_MD · wall_segment Palisade Wall x1 |
| 16:03 | LukeTheHunter · wall_segment Stone Wall x17 |
| 17:52 | DS_MD · wall_segment Palisade Wall x8 |
| 18:16 | DS_MD · wall_segment Palisade Wall x2 |
| 19:07 | LukeTheHunter · first_market_sell 100 wood |
| 19:08 | LukeTheHunter · first_market_buy 100 food |
| 19:37 | DS_MD · wall_segment Palisade Wall x1 |
| 19:38 | DS_MD · wall_segment Palisade Wall x1 |
| 19:51 | DS_MD · wall_segment Palisade Wall x1 |
| 19:55 | DS_MD · wall_segment Palisade Wall x1 |
| 22:06 | LukeTheHunter · age_up castle |
| 22:11 | DS_MD · age_up castle |
| 22:15 | LukeTheHunter · first_building Castle |
| 22:16 | DS_MD · first_building Castle |
| 22:28 | DS_MD · first_building Monastery |
| 22:46 | LukeTheHunter · first_building Siege Workshop |
| 24:48 | DS_MD · first_building Siege Workshop |
| 27:03 | LukeTheHunter · first_building Monastery |
| 28:10 | LukeTheHunter · age_up imperial |
| 30:25 | DS_MD · age_up imperial |
| 31:54 | DS_MD · wall_segment Stone Wall x13 |
| 32:26 | DS_MD · first_building Barracks |
| 32:56 | LukeTheHunter · wall_segment Stone Wall x1 |
| 32:59 | DS_MD · wall_segment Stone Wall x4 |
| 33:12 | DS_MD · first_building Archery Range |
| 36:42 | LukeTheHunter · first_building Stable |
| 38:26 | LukeTheHunter · first_building Archery Range |
| 41:07 | DS_MD · first_building Stable |
| 54:32 | DS_MD · wall_segment Stone Wall x9 |
| 59:08 | DS_MD · resign |
[ AI ANALYSIS · 1 CREDIT ]
What really happened in this match?
Wolo.gg analyzes every decision: build order, eco, micro, common mistakes by bracket. Personalized analysis on WhatsApp or Discord in 30 seconds.
Civ guide
Japanese
Perfil
Jugador #1373125